 Dungeon Crawl Stone Soup version 0.27-a0-103-g6cd7b45605 (webtiles) character file.

Game seed: 6076242228401955263

29 knot the Chopper (level 3, 29/29 HPs)
             Began as a Demonspawn Berserker on Jan 23, 2021.
             Was a Follower of Trog.
             Quit the game on level 3 of the Dungeon.
             The game lasted 00:01:39 (1280 turns).

knot the Chopper (Demonspawn Berserker)             Turns: 1280, Time: 00:01:40

Health: 29/29      AC:  4    Str: 17    XL:     3   Next: 1%
Magic:  3/3        EV: 12    Int:  9    God:    Trog [*.....]
Gold:   139        SH:  0    Dex: 12    Spells: 2/2 levels left

rFire    + . .     SeeInvis .   a - +0 hand axe
rCold    . . .     Faith    .   (no shield)
rNeg     . . .     Spirit   .   b - +0 animal skin
rPois    .         Reflect  .   (helmet restricted)
rElec    .         Harm     .   d - scarf {shadows}
rCorr    .         Rampage  .   o - +1 pair of gloves {archery}
Will     .....                  (no boots)
Stlth    +.........             i - amulet of magic regeneration
HPRegen  0.09/turn              r - ring of protection from fire
MPRegen  0.33/turn              (no ring)

@: no status effects
A: antennae 1, demonic guardian 1
a: Renounce Religion, Berserk


You were on level 3 of the Dungeon.
You worshipped Trog.
Trog was aware of your devotion.
You visited 1 branch of the dungeon, and saw 3 of its levels.

You collected 139 gold pieces.

Inventory:

Hand Weapons
 a - a +0 hand axe (weapon)
Missiles
 f - 50 stones
 l - 8 poisoned darts (quivered)
 s - 8 atropa-tipped darts
Armour
 b - a +0 animal skin (worn)
 d - a scarf of shadows (worn)
 o - a +1 pair of gloves of archery (worn)
Jewellery
 i - an amulet of magic regeneration (around neck)
 r - a ring of protection from fire (left hand)
 u - a +6 ring of intelligence {unknown}
Scrolls
 c - 2 scrolls of magic mapping {unknown}
 e - a scroll of teleportation {unknown}
 g - a scroll of fear {unknown}
 k - 2 scrolls of identify {unknown}
 p - a scroll of amnesia {unknown}
Potions
 h - a potion of brilliance {unknown}
 j - a potion of cancellation {unknown}
 m - 2 potions of haste {unknown}
 n - a potion of magic {unknown}
 q - a potion of curing {unknown}
 t - a potion of degeneration {unknown}


   Skills:
 - Level 3.0 Fighting
 * Level 3.6 Axes
 * Level 0.8 Throwing
 - Level 1.7 Armour
 - Level 1.7 Dodging


You had 2 spell levels left.
You didn't know any spells.
Your spell library was empty.

Dungeon Overview and Level Annotations

Branches:
Dungeon (3/15)

Altars:


Innate Abilities, Weirdness & Mutations

You have a pair of small antennae on your head.
A weak demonic guardian rushes to your aid.


Message History

Press: ? - help, Q - select action, (/) - cycle Shift-Dir - straight line, f - goblin, p - goblin
Aim: a goblin, wielding a +0 club You throw a poisoned dart.
The poisoned dart completely misses the goblin.
Unknown command.
Throw: 9 darts (poison)
Press: ? - help, Q - select action, (/) - cycle Shift-Dir - straight line, f - goblin
Aim: a goblin (severely wounded, poisoned)
You throw a poisoned dart. The poisoned dart hits the goblin.
The goblin looks even sicker.
The goblin is severely wounded.
You kill the goblin!
Trog accepts your kill.
A goblin comes into view. It is wielding a +0 club.
You have reached level 3!
Your experience leads to an increase in your attributes!
Increase (S)trength, (I)ntelligence, or (D)exterity?
You feel clever.
Your demonic ancestry asserts itself...
You feel the presence of a demonic guardian.
Are you sure you want to abandon this character and quit the game? (Confirm with "yes".)

### #.. #.#
..####.##g#((
......@.gg..g
..####(##(#..
#.#{ #.g ###


You could see 5 goblins.

Vanquished Creatures
  A worm (D:2)
  2 dart slugs (D:2)
  A leopard gecko (D:2)
  2 bats (D:2)
  3 hobgoblins
  2 jackals (D:1)
  2 frilled lizards (D:2)
  5 goblins
  A kobold (D:2)
  A rat (D:1)
20 creatures vanquished.

Notes
Turn   | Place    | Note
-------+----------+-------------------------------------------
     0 | D:1      | knot the Demonspawn Berserker began the quest for the Orb.
     0 | D:1      | Reached XP level 1. HP: 18/18 MP: 1/1
   321 | D:1      | Gained mutation: You have a pair of small antennae on your
                  | head. [demonic ancestry]
   321 | D:1      | Reached XP level 2. HP: 23/24 MP: 2/2
  1280 | D:3      | Gained mutation: A weak demonic guardian rushes to your
                  | aid. [demonic ancestry]
  1280 | D:3      | Reached XP level 3. HP: 29/29 MP: 3/3
  1280 | D:3      | Quit the game

Illustrated notes

Levels and vault maps discovered:
D:1:      lightli_arrival_maybe_door_vault, layout_rooms,
          minmay_misc_feat_diagonals
D:2:      layout_basic
D:3:      layout_loops_ring, overflow_temple_1_default, gammafunk_ghost_icy,
          portal_sewer_entry_e, kennysheep_generic_room_11, uniq_natasha,
          uniq_robin

Skill      XL: |  1 |
---------------+----+-----
Axes           | 3 |  3.6
Fighting       | |  3.0
Throwing       | |  0.8
Armour         | |  1.7
Dodging        | |  1.7

Action                   || total
-------------------------++-------
Melee: Hand axe          ||    53
Throw: Dart              ||    21
Armor: Animal skin       ||     7
Dodge: Dodged            ||    36

Table legend: (Time is in decaauts)
 A = Elapsed time spent in this place.
 B = Non-inter-level travel time spent in this place.
 C = Inter-level travel time spent in this place.
 D = Time resting spent in this place.
 E = Time spent auto-exploring this place.
 F = Levels seen in this place.
 G = Mean time per level.
                   A        B        C        D        E       F      G
               +--------+--------+--------+--------+--------+-----+--------+
         Total |   1286 |   1256 |     30 |    197 |    898 |   3 |  428.7 |
       Dungeon |   1286 |   1256 |     30 |    197 |    898 |   3 |  428.7 |
               +--------+--------+--------+--------+--------+-----+--------+

Top non-repeatable levels by time:
     D:2: 769 daAuts
     D:1: 510 daAuts
     D:3: 6 daAuts
